 Dungeon Crawl Stone Soup version 0.26-a0-660-gc07710193c (webtiles) character file.

Game seed: 8992993772225766550

142 DogServant the Insei (level 5, -5/40 HPs)
             Began as a Gnoll Transmuter on Oct 8, 2020.
             Slain by Sigmund
             ... wielding a +0 scythe
              (8 damage)
             ... on level 3 of the Dungeon.
             The game lasted 00:02:26 (2209 turns).

DogServant the Insei (Gnoll Transmuter)             Turns: 2209, Time: 00:02:26

Health: -5/40      AC:  2    Str: 11 (12) XL:     5   Next: 24%
Magic:  12/12      EV: 14    Int: 20 (22) God:
Gold:   147        SH:  0    Dex: 13 (16) Spells: 11/14 levels left

rFire    . . .     SeeInvis .   f - +2 dagger (venom)
rCold    . . .     Faith    .   (no shield)
rNeg     . . .     Spirit   .   a - +0 robe
rPois    .         Reflect  .   (no helmet)
rElec    .         Harm     .   (no cloak)
rCorr    .         Rampage  .   (no gloves)
MR       +....                  (no boots)
Stlth    ++........             (no amulet)
HPRegen  0.13/turn              c - +6 ring of intelligence
MPRegen  0.13/turn              (no ring)

@: mighty, brilliant, wereblooded, very slightly contaminated
A: distributed training, fangs 1, blurry vision 1, magic resistance 1,
MP-powered wands, strong nose
a: no special abilities


You were on level 3 of the Dungeon.
You visited 1 branch of the dungeon, and saw 3 of its levels.

You collected 147 gold pieces.

Inventory:

Hand Weapons
 f - a +2 dagger of venom (weapon)
Missiles
 n - 3 throwing nets (quivered)
 o - 12 poisoned darts
Armour
 a - a +0 robe (worn)
Jewellery
 c - a +6 ring of intelligence (left hand)
Scrolls
 i - a scroll of amnesia {unknown}
 m - a scroll of remove curse {unknown}
Potions
 k - 2 potions of curing {unknown}
 l - a potion of heal wounds {unknown}


   Skills:
 + Level 2.9 Fighting
 + Level 1.4 Short Blades
 + Level 1.4 Long Blades
 + Level 1.4 Axes
 + Level 1.4 Maces & Flails
 + Level 1.4 Polearms
 + Level 1.4 Staves
 + Level 1.4 Slings
 + Level 1.4 Bows
 + Level 1.4 Crossbows
 + Level 1.4 Throwing
 + Level 1.4 Armour
 + Level 4.7 Dodging
 + Level 1.4 Stealth
 + Level 1.4 Shields
 + Level 6.7 Unarmed Combat
 + Level 5.2 Spellcasting
 + Level 1.1 Conjurations
 + Level 1.1 Hexes
 + Level 1.1 Summonings
 + Level 1.1 Necromancy
 + Level 1.1 Translocations
 + Level 3.9 Transmutations
 + Level 1.1 Fire Magic
 + Level 1.1 Ice Magic
 + Level 1.1 Air Magic
 + Level 1.1 Earth Magic
 + Level 1.1 Poison Magic
 + Level 1.6 Invocations
 + Level 1.4 Evocations


You had 11 spell levels left.
You knew the following spells:

 Your Spells              Type           Power        Failure   Level
a - Beastly Appendage     Tmut           ####..       2%          1
b - Wereblood             Tmut           ####....     3%          2

Your spell library contained the following spells:

 Spells                   Type           Power        Failure   Level
 Apportation              Tloc           ##....       7%          1
 Spider Form              Tmut/Pois      ###.......   12%         3
 Ice Form                 Ice/Tmut       ###.....     36%         4
 Blade Hands              Tmut           ####......   52%         5


Dungeon Overview and Level Annotations

Branches:
Dungeon (3/15)

Altars:

Annotations:
D:3 Sigmund


Innate Abilities, Weirdness & Mutations

Your experience applies equally to all skills.
You have very sharp teeth.
Your uncanny sense of smell can sniff out nearby items.
Scrolls take you a little longer to read.
You are resistant to hostile enchantments. (MR+)
You expend magic power (3 MP) to strengthen your wands.


Message History

The orc barely misses you.
Okay, then.
It was a potion of brilliance.
You feel clever all of a sudden. The bat closely misses you.
The bat hits you but does no damage. The orc misses you.
The orc closely misses you.
It was a potion of degeneration.
There was something very wrong with that liquid.
You feel weakened.
You feel dopey.
You feel clumsy. The bat hits you.
* * * LOW HITPOINT WARNING * * *
The orc misses you.
The orc hits you with a cursed +0 short sword.
* * * LOW HITPOINT WARNING * * *
It was a potion of mutation.
You feel extremely strange.
Your vision blurs.
You feel your magical essence link to the dungeon's wands.
You feel resistant to hostile enchantments.
The bat hits you but does no damage. Something hits you!
You die...

#.# #.# .# #. .#
#.###.###.#
#......##.######
#..##...........
#..#####..#####
#.#.# ....# #..#
......
###.######..####
##. ##.#.#
#.........o.o##....
..
########.@#.....#
#.
......b.oo.>...## #
#######...........
#...#........
#..........$.
#...######### #####


You could see 4 orcs and a bat.

Vanquished Creatures
  Jessica (D:2)
  Terence (D:3)
  3 gnolls (D:2)
  An adder (D:3)
  An ooze (D:3)
  3 dart slugs
  3 leopard geckos
  A giant cockroach (D:2)
  5 hobgoblins
  3 kobolds
  2 quokkas (D:2)
  A ball python (D:3)
  4 bats
  4 frilled lizards
  4 goblins
  9 rats
46 creatures vanquished.

Vanquished Creatures (others)
  A kobold (D:1)
1 creature vanquished.

Grand Total: 47 creatures vanquished

Notes
Turn   | Place    | Note
-------+----------+-------------------------------------------
     0 | D:1      | DogServant the Gnoll Transmuter began the quest for the
                  | Orb.
     0 | D:1      | Reached XP level 1. HP: 17/17 MP: 6/6
   103 | D:1      | Reached XP level 2. HP: 19/23 MP: 7/7
   904 | D:2      | Reached XP level 3. HP: 27/28 MP: 9/9
   908 | D:2      | Learned a level 2 spell: Wereblood
   953 | D:2      | Reached skill level 5 in Spellcasting
   984 | D:2      | Reached skill level 1 in Invocations
   986 | D:2      | Reached skill level 1 in Short Blades
   986 | D:2      | Reached skill level 1 in Long Blades
   986 | D:2      | Reached skill level 1 in Axes
   986 | D:2      | Reached skill level 1 in Maces & Flails
   986 | D:2      | Reached skill level 1 in Polearms
   986 | D:2      | Reached skill level 1 in Staves
   986 | D:2      | Reached skill level 1 in Slings
   986 | D:2      | Reached skill level 1 in Bows
   986 | D:2      | Reached skill level 1 in Crossbows
   986 | D:2      | Reached skill level 1 in Throwing
   986 | D:2      | Reached skill level 1 in Armour
   986 | D:2      | Reached skill level 1 in Stealth
   986 | D:2      | Reached skill level 1 in Shields
   986 | D:2      | Reached skill level 1 in Evocations
  1110 | D:2      | Noticed Jessica
  1114 | D:2      | Reached XP level 4. HP: 28/34 MP: 9/11
  1118 | D:2      | Killed Jessica
  1122 | D:2      | Identified Jessica's Tome of the Traveller
  1445 | D:2      | Reached skill level 1 in Conjurations
  1445 | D:2      | Reached skill level 1 in Hexes
  1445 | D:2      | Reached skill level 1 in Summonings
  1445 | D:2      | Reached skill level 1 in Necromancy
  1445 | D:2      | Reached skill level 1 in Translocations
  1445 | D:2      | Reached skill level 1 in Fire Magic
  1445 | D:2      | Reached skill level 1 in Ice Magic
  1445 | D:2      | Reached skill level 1 in Air Magic
  1445 | D:2      | Reached skill level 1 in Earth Magic
  1445 | D:2      | Reached skill level 1 in Poison Magic
  2038 | D:3      | Noticed Terence
  2051 | D:3      | Killed Terence
  2051 | D:3      | Reached XP level 5. HP: 33/40 MP: 10/12
  2192 | D:3      | Noticed Sigmund
  2209 | D:3      | Gained mutation: Scrolls take you a little longer to read.
                  | [potion of mutation]
  2209 | D:3      | Gained mutation: You expend magic power (3 MP) to
                  | strengthen your wands. [potion of mutation]
  2209 | D:3      | Gained mutation: You are resistant to hostile enchantments.
                  | (MR+) [potion of mutation]
  2209 | D:3      | Slain by Sigmund

Illustrated notes

Levels and vault maps discovered:
D:1:      dpeg_arrival_shelter, layout_loops_cross
D:2:      layout_loops_ring, hex_large, kennysheep_jessica_study
D:3:      layout_loops_ring, hangedman_decor_clover_reticule, uniq_jessica,
          uniq_sigmund, uniq_ijyb, uniq_natasha, uniq_terence

Skill      XL: |  1  2  3  4 |
---------------+-------------+-----
Spellcasting   | 5 |  5.2
Invocations    | 1 |  1.6
Short Blades   | 1 |  1.4
Long Blades    | 1 |  1.4
Axes           | 1 |  1.4
Maces & Flails | 1 |  1.4
Polearms       | 1 |  1.4
Staves         | 1 |  1.4
Slings         | 1 |  1.4
Bows           | 1 |  1.4
Crossbows      | 1 |  1.4
Throwing       | 1 |  1.4
Armour         | 1 |  1.4
Stealth        | 1 |  1.4
Shields        | 1 |  1.4
Evocations     | 1 |  1.4
Conjurations   | 1 |  1.1
Hexes          | 1 |  1.1
Summonings     | 1 |  1.1
Necromancy     | 1 |  1.1
Translocations | 1 |  1.1
Fire Magic     | 1 |  1.1
Ice Magic      | 1 |  1.1
Air Magic      | 1 |  1.1
Earth Magic    | 1 |  1.1
Poison Magic   | 1 |  1.1
Fighting       | |  2.9
Dodging        | |  4.7
Unarmed Combat | |  6.7
Transmutations | |  3.9

Action                   |  1- 3 |  4- 6 || total
-------------------------+-------+-------++-------
Melee: Unarmed           |    49 |       ||    49
       Punch             |     1 |       ||     1
       Dagger            |    28 |    42 ||    70
       Bite              |    10 |     4 ||    14
       Kick              |     4 |     4 ||     8
       Headbutt          |     4 |     2 ||     6
 Cast: Beastly Appendage |     2 |     3 ||     5
       Wereblood         |     1 |     1 ||     2
  Use: Scroll            |       |     3 ||     3
       Potion            |       |     5 ||     5
 Stab: Sleeping          |       |     4 ||     4
Armor: Robe              |    14 |     7 ||    21
Dodge: Dodged            |    52 |    53 ||   105

Table legend: (Time is in decaauts)
 A = Elapsed time spent in this place.
 B = Non-inter-level travel time spent in this place.
 C = Inter-level travel time spent in this place.
 D = Time resting spent in this place.
 E = Time spent auto-exploring this place.
 F = Levels seen in this place.
 G = Mean time per level.
                   A        B        C        D        E       F      G
               +--------+--------+--------+--------+--------+-----+--------+
         Total |   2197 |   2126 |     71 |     19 |   1779 |   3 |  732.3 |
       Dungeon |   2197 |   2126 |     71 |     19 |   1779 |   3 |  732.3 |
               +--------+--------+--------+--------+--------+-----+--------+

Top non-repeatable levels by time:
     D:2: 875 daAuts
     D:1: 773 daAuts
     D:3: 549 daAuts
